 Dungeon Crawl Stone Soup version 0.22-a0-833-g8522bf8125 (webtiles) character file.

483 Nakatomy the Firebug (level 7, -1/38 HPs)
             Began as a Gargoyle Fire Elementalist on July 23, 2018.
             Slain by Dowan the ice beast (8 damage)
             ... on level 5 of the Dungeon on July 25, 2018.
             The game lasted 01:07:58 (7145 turns).

Nakatomy the Firebug (Gargoyle Fire Elementalist)   Turns: 7145, Time: 01:07:59

Health: -1/38      AC:  7    Str: 11    XL:     7   Next: 12%
Magic:  0/13       EV: 12    Int: 18    God:
Gold:   173        SH:  0    Dex: 10    Spells: 8/14 levels left

rFire    + . .     SeeInvis .   h - +1 dagger
rCold    . . .     Gourm    .   (no shield)
rNeg     + . .     Faith    .   a - +1 robe
rPois    ∞         Spirit   .   (no helmet)
rElec    +         Reflect  .   (no cloak)
rCorr    .         Harm     .   (no gloves)
MR       +....                  (no boots)
Stlth    ++........             (no amulet)
HPRegen  0.12/turn              d - ring of protection from magic
MPRegen  0.13/turn              r - ring of protection from fire

@: no status effects
A: negative energy resistance 1, electricity resistance, unbreathing,
petrification resistance, rot immunity, AC +4
a: no special abilities


You were on level 5 of the Dungeon.
You were very hungry.

You visited 1 branch of the dungeon, and saw 5 of its levels.

You collected 173 gold pieces.

Inventory:

Hand Weapons
 h - a +1 dagger (weapon)
Armour
 a - a +1 robe (worn)
Jewellery
 d - a ring of protection from magic (left hand)
 q - an uncursed ring of wizardry
 r - a ring of protection from fire (right hand)
Scrolls
 f - 3 scrolls of identify
 g - a scroll of remove curse
 m - a scroll of random uselessness {unknown}
 n - a scroll of noise
 o - a scroll of immolation {unknown}
 p - a scroll of blinking {unknown}
Potions
 i - a potion of haste
Comestibles
 c - 4 rations


   Skills:
 - Level 1.0 Fighting
 - Level 1.8 Dodging
 - Level 2.1 Stealth
 * Level 4.2 Spellcasting
 * Level 4.4 Conjurations
 * Level 4.9 Fire Magic


You had 8 spell levels left.
You knew the following spells:

 Your Spells              Type           Power        Failure   Level  Hunger
a - Flame Tongue          Conj/Fire      ###..        2%          1    None
b - Throw Flame           Conj/Fire      ###...       3%          2    ##.....
c - Conjure Flame         Conj/Fire      ###.....     6%          3    ###....

Your spell library contained the following spells:

 Spells                   Type           Power        Failure   Level  Hunger
 Fireball                 Conj/Fire      ###.......   52%         5    ######.
 Sticky Flame             Conj/Fire      ###.....     22%         4    ####...
 Inner Flame              Hex/Fire       ##......     16%         3    ###....


Dungeon Overview and Level Annotations

Branches:
Dungeon (5/15)
 Temple: D:4-7

Altars:
Ashenzari
Qazlal

Shops:
D:4 [

Annotations:
D:4 exclusion: downstairs
D:5 Dowan, Duvessa


Innate Abilities, Weirdness & Mutations

You are resistant to torment.
Your stone body is resilient. (AC +4)
You are immune to poison.
You resist negative energy. (rN+)
You are resistant to electric shocks. (rElec)
You can survive without breathing.
You are immune to petrification.
You are immune to rotting.


Message History

Dowan is moderately wounded.
Dowan hits you but does no damage.
You hit Dowan but do no damage.
Dowan is moderately wounded.
Dowan hits you. Dowan freezes you!
* * * LOW HITPOINT WARNING * * *
Okay, then.
Unknown command.
Okay, then.
Unknown command.
It was a potion of cancellation.
Your magical effects are unravelling.
You feel magically purged.
You feel yourself slow down.
Okay, then.
Unknown command.
It was a potion of curing.
You feel better. Dowan hits you.
* * * LOW HITPOINT WARNING * * *
Dowan freezes you!
You die...

### ..# #.# ### #.#
##.# ##.##########...
#...............
######..##########...
#...@Y..# ##.#
#§#####.# #.# #e# #[#
##.# #$#####.#####)#
#... #$.......o....#
#..# #######.#######
#..# .........# #..#
#######..# #..# #...
#..#


You could see Dowan the ice beast.

Vanquished Creatures
  Grinder (D:5)
  A bullfrog zombie (D:3)
  An orc priest (D:5)
  A hound skeleton (D:5)
  Robin (D:2)
  7 adders
  2 shadow imps (D:5)
  An ooze (D:1)
  An adder skeleton (D:4)
  2 worms
  2 dart slugs
  3 leopard geckos
  12 orcs
  4 giant cockroaches
  14 goblins
  16 hobgoblins
  8 jackals
  A quokka (D:2)
  9 bats
  A frilled lizard (D:2)
  6 kobolds
  11 rats
105 creatures vanquished.

Notes
Turn   | Place    | Note
-------+----------+-------------------------------------------
     0 | D:1      | Nakatomy the Gargoyle Fire Elementalist began the quest for the Orb.
     0 | D:1      | Reached XP level 1. HP: 10/10 MP: 3/3
   531 | D:1      | Reached XP level 2. HP: 15/15 MP: 1/5
   863 | D:1      | Learned a level 2 spell: Throw Flame
   866 | D:1      | Upgraded the game from 0.22-a0-812-g4c1e2d5471 to 0.22-a0-824-g1ca9aab89c
  1306 | D:1      | Reached XP level 3. HP: 20/20 MP: 3/6
  1810 | D:2      | Learned a level 3 spell: Conjure Flame
  2232 | D:2      | Noticed Robin
  2528 | D:1      | Upgraded the game from 0.22-a0-824-g1ca9aab89c to 0.22-a0-833-g8522bf8125
  2734 | D:2      | Reached XP level 4. HP: 24/24 MP: 2/8
  4217 | D:2      | Killed Robin
  4217 | D:2      | Reached skill level 1 in Fighting
  4487 | D:3      | Reached XP level 5. HP: 29/29 MP: 2/9
  6335 | D:4      | Found Edeisum's Antique Armour Shoppe.
  6403 | D:4      | Noticed a water elemental
  6404 | D:4      | Found a stormy altar of Qazlal.
  6407 | D:4      | Noticed an air elemental
  6407 | D:4      | Noticed a fire elemental
  6424 | D:4      | Reached XP level 6. HP: 34/34 MP: 6/11
  6547 | D:5      | Entered Level 5 of the Dungeon
  6577 | D:5      | Noticed Dowan
  6578 | D:5      | Noticed Duvessa
  6688 | D:5      | Found a shattered altar of Ashenzari.
  6812 | D:5      | Noticed Grinder
  6872 | D:5      | Killed Grinder
  6872 | D:5      | Reached XP level 7. HP: 26/38 MP: 0/13
  7134 | D:5      | Noticed Dowan
  7134 | D:5      | Dowan changed into Dowan the swamp drake
  7139 | D:5      | Noticed Dowan
  7139 | D:5      | Dowan the swamp drake changed into Dowan the ice beast
  7143 | D:5      | HP: 1/38 [Dowan the ice beast (12)]
  7145 | D:5      | Slain by Dowan the ice beast

Vault maps used:
D:1:      matt_arrival_spirals
D:2:      kennysheep_big_flooded_room, minmay_cupped, uniq_robin
D:4:      nicolae_qazlal_style_of_elements, serial_shops, shop, first_ration,
          abandoned_shop
D:5:      evilmike_ruin_ashenzari, uniq_duvessa, uniq_eustachio, uniq_grinder

Skill      XL: |  1  2  3  4  5  6 |
---------------+-------------------+-----
Conjurations   | 2 3 4 |  4.4
Spellcasting   | 3 4 |  4.2
Fighting       | 1 |  1.0
Fire Magic     | 4 |  4.9
Dodging        | |  1.8
Stealth        | |  2.1

Action                   |  1- 3 |  4- 6 |  7- 9 || total
-------------------------+-------+-------+-------++-------
Melee: Dagger            |       |     2 |     5 ||     7
 Cast: Flame Tongue      |    54 |   144 |    18 ||   216
       Throw Flame       |    17 |    18 |     2 ||    37
       Conjure Flame     |     4 |     4 |     2 ||    10
Evoke: Wand              |       |       |     2 ||     2
  Use: Scroll            |       |     7 |       ||     7
       Potion            |       |       |     3 ||     3
  Eat: Chunk             |     4 |    11 |       ||    15
       Ration            |     1 |     1 |       ||     2
Armor: Robe              |     2 |    30 |     5 ||    37
Dodge: Dodged            |     8 |    55 |     4 ||    67

Table legend:
 A = Spawn XP
 B = Non-spawn XP
 C = Spawn XP percentage of total XP
 D = Spawn monster count
 E = Non-spawn monster count
 F = Spawn count percentage of total count
 G = Total turns spent on level
                    A         B        C        D         E        F      G
               +---------+---------+-------+---------+---------+-------+---------
         Total |       0 |     690 |   0.0 |       0 |     105 |   0.0 |  7145
               +---------+---------+-------+---------+---------+-------+---------
           D:1 |       0 |      51 |   0.0 |       0 |      26 |   0.0 |  2302
           D:2 |       0 |     109 |   0.0 |       0 |      38 |   0.0 |  2275
           D:3 |       0 |     152 |   0.0 |       0 |      29 |   0.0 |  1786
           D:4 |       0 |      29 |   0.0 |       0 |       5 |   0.0 |   335
           D:5 |       0 |     349 |   0.0 |       0 |       7 |   0.0 |   447
               +---------+---------+-------+---------+---------+-------+---------
